 Dungeon Crawl Stone Soup version 0.20.1-1-g8b1a95d (webtiles) character file.

111 toffzen the Covered (level 4, 0/42 HPs)
             Began as a Deep Dwarf Fighter on Oct 31, 2017.
             Slain by an ogre
             ... wielding a +0 giant club
              (17 damage)
             ... on level 3 of the Dungeon.
             The game lasted 00:07:34 (2707 turns).

toffzen the Covered (Deep Dwarf Fighter)            Turns: 2707, Time: 00:07:34

Health: 0/42       AC: 14    Str: 19    XL:     4   Next: 62%
Magic:  4/4        EV:  4    Int:  9    God:
Gold:   182        SH:  9    Dex: 13    Spells: 3/3 levels left

rFire    . . .     SeeInvis .   a - +0 war axe
rCold    . . .     Gourm    .   c - +0 shield
rNeg     . . .     Faith    .   u - +0 plate armour
rPois    .         Spirit   .   k - +0 helmet
rElec    .         Reflect  .   (no cloak)
rCorr    .         Harm     .   (no gloves)
MR       .....                  w - +0 pair of boots
Stlth    ..........             r - amulet of rage
Regen    0.0/turn               (no ring)
MPRegen  0.1/turn               (no ring)

@: non-regenerating
A: damage resistance, heal wounds, sense surroundings 1, no regeneration
a: Heal Wounds, Evoke Berserk Rage


You were on level 3 of the Dungeon.
You were not hungry.

You visited 1 branch of the dungeon, and saw 3 of its levels.

You collected 182 gold pieces.

Inventory:

Hand Weapons
 a - a +0 war axe (weapon)
Missiles
 e - 99 stones (quivered)
 s - 23 sling bullets
Armour
 c - a +0 shield (worn)
 k - a +0 helmet (worn)
 u - a +0 plate armour (worn)
 w - a +0 pair of boots (worn)
Jewellery
 r - an amulet of rage (around neck)
Scrolls
 b - 2 scrolls of teleportation {unknown}
 j - a scroll of enchant weapon {unknown}
 l - a scroll of fear {unknown}
 o - 2 scrolls of identify
 p - 2 scrolls of remove curse {unknown}
 q - a scroll of enchant armour {unknown}
 t - a scroll of blinking {unknown}
Potions
 d - a potion of might
 i - a potion of flight
 v - a potion of mutation {unknown}
Comestibles
 f - 3 bread rations
 g - 6 chunks of flesh
 h - 2 meat rations
 m - a royal jelly
 n - a fruit


   Skills:
 + Level 3.1 Fighting
 + Level 3.1 Axes
 + Level 3.9 Armour
 + Level 2.2 Dodging
 + Level 3.8 Shields


You had 3 spell levels left.
You didn't know any spells.

Dungeon Overview and Level Annotations

Branches:
Dungeon (3/15)

Altars:
Hepliaklqana
Okawaru
Ru
Uskayaw
Vehumet
Xom
Zin
The Shining One


Innate Abilities, Weirdness & Mutations

You are resistant to damage.
You can heal yourself by infusing magical energy.
You passively map a small area around you.
You do not regenerate.


Message History

Your shield and plate armour prevent you from hitting the rat.
You block the rat's attack.
You hit the rat.
You kill the rat!
An ogre comes into view. It is wielding a giant club.
The ogre shouts!
Found a flail.
You see here a rat corpse.
You butcher the rat corpse.
You see here a chunk of flesh.
Throwing (i - inventory):
e - 100 stones (quivered)
Press: ? - help, Shift-Dir - straight line, f - ogre
Aim: an ogre, wielding a giant club You throw a stone.
The stone closely misses the ogre.
You completely miss the ogre. You block the ogre's attack.
You hit the ogre.
The ogre is lightly wounded.
The ogre hits you with a giant club!
You fail to use your ability.
The ogre hits you with a giant club!!
You die...

#############
#.......@...#
#.#######O###
########.#....(.....#
#........#)#####(##.#
#.#####..........# #
##.# #..........#*
.#.#####..........# *
* .............>....#
.#................# ,


You could see an ogre.

Vanquished Creatures
  6 adders
  An ooze (D:2)
  A dart slug (D:2)
  2 leopard geckos
  3 giant cockroaches
  5 goblins
  A hobgoblin (D:1)
  A quokka (D:2)
  2 ball pythons
  10 bats
  8 frilled lizards
  10 kobolds
  4 rats
54 creatures vanquished.

Notes
Turn   | Place    | Note
-------+----------+-------------------------------------------
     0 | D:1      | toffzen the Deep Dwarf Fighter began the quest for the Orb.
     0 | D:1      | Reached XP level 1. HP: 20/20 MP: 1/1
   502 | D:1      | Reached XP level 2. HP: 24/27 MP: 2/2
   682 | D:1      | Reached skill level 1 in Dodging
  1193 | D:2      | Reached XP level 3. HP: 23/33 MP: 3/3
  1409 | D:2      | Found a sacrificial altar of Ru.
  1409 | D:2      | Found a hide-covered altar of Uskayaw.
  1409 | D:2      | Found an iron altar of Okawaru.
  1424 | D:2      | Found a shimmering altar of Xom.
  1531 | D:2      | Found a glowing silver altar of Zin.
  1572 | D:2      | Found a hazy altar of Hepliaklqana.
  1573 | D:2      | Found a radiant altar of Vehumet.
  1696 | D:2      | Found a glowing golden altar of the Shining One.
  1735 | D:2      | Reached XP level 4. HP: 28/42 MP: 4/4
  2701 | D:3      | Noticed an ogre
  2707 | D:3      | Slain by an ogre

Skill      XL: |  1  2  3  4 |
---------------+-------------+-----
Dodging        | 1 2 |  2.2
Fighting       | 3 |  3.1
Axes           | 3 |  3.1
Armour         | |  3.9
Shields        | |  3.8

Action                   |  1- 3 |  4- 6 || total
-------------------------+-------+-------++-------
Melee: War axe           |   127 |    47 ||   174
Throw: Stone             |    34 |    21 ||    55
  Use: Scroll            |       |     1 ||     1
  Eat: Chunk             |     3 |     3 ||     6
Armor: Scale mail        |    88 |     9 ||    97
       Plate armour      |       |    11 ||    11
Dodge: Dodged            |    61 |    17 ||    78
Block: Shield            |    87 |    21 ||   108
